AoeStats
← kamikaze21_

Black Forest

509835750Analyzed
4v4 RM · 3d ago on Sep 28, 2026· 49m 17s· 8 players
Game mode
Random Map
Map size
Large (8 player)
Population
200
Speed
Normal
Resources
Standard
Victory
Conquest
Starting age
Dark Age
Ending age
Imperial Age
RankedLock teamsTeams togetherTeam positionsShared explorationLock speedFull tech treeHidden civsTurbo modeCheats
Victory
Defeat
🇨🇳 Turks · China
784
+15
🇪🇸 Persians · Spain
757
+16
🇮🇹 Hindustanis · Italy
695
+19
🇮🇳 Persians · India
653
+20
🇮🇩 Britons · Indonesia
948
-25
🇨🇳 Turks · China
732
-17
🇮🇩 Celts · Indonesia
700
-15
🇮🇩 Bohemians · Indonesia
653
-13
槑槑
6:08 Loom
13:06 Feudal Age
13:46 Feudal Age
15:29 Horse Collar
16:12 Double-Bit Axe
20:27 Castle Age
19:21 Scale Barding Armor
19:29 Forging
19:25 Gold Mining
21:29 Wheelbarrow
20:41 Loom
21:47 Bow Saw
22:30 Heavy Plow
23:31 Bloodlines
23:22 Husbandry
24:40 Gold Shaft Mining
29:10 Stone Mining
Teninesick
0:28 Loom
13:08 Feudal Age
14:14 Man-at-Arms
23:19 Castle Age
24:51 Double-Bit Axe
25:11 Fletching
25:21 Padded Archer Armor
28:22 Bodkin Arrow
29:07 Leather Archer Armor
36:47 Imperial Age
35:44 Gold Mining
36:09 Bow Saw
35:47 Pikeman
38:00 Ballistics
38:42 Chemistry
37:45 Bracer
39:30 Wheelbarrow
40:05 Siege Engineers
40:16 Pikeman
40:57 Squires
43:07 Halberdier
44:13 Hand Cart
44:34 Scale Mail Armor
44:44 Forging
45:25 Yeomen
46:50 Elite Longbowman
Ermour
1:38 Loom
14:03 Feudal Age
18:18 Castle Age
17:42 Gold Mining
17:42 Stone Mining
18:37 Horse Collar
18:48 Double-Bit Axe
21:09 Stone Shaft Mining
31:14 Imperial Age
30:48 Wheelbarrow
30:00 Town Watch
32:10 Town Patrol
33:47 Chemistry
33:08 Ballistics
33:06 Fortified Wall
33:21 Conscription
32:59 Stronghold
34:18 Gold Shaft Mining
34:18 Hand Cart
34:21 Fletching
34:54 Bow Saw
34:48 Heavy Plow
35:29 Onager
39:09 Masonry
40:43 Caravan
41:14 Coinage
40:55 Guilds
41:02 Elite Woad Raider
42:00 Furor Celtica
41:35 Elite Woad Raider
42:27 Bodkin Arrow
42:43 Siege Engineers
42:33 Murder Holes
43:33 Hoardings
43:29 Conscription
44:07 Pikeman
44:33 Arson
44:49 Heavy Scorpion
Lord Indranov
3:00 Loom
13:07 Feudal Age
16:40 Double-Bit Axe
23:42 Castle Age
26:37 Horse Collar
27:13 Bow Saw
29:57 Caravan
30:04 Heavy Plow
37:36 Imperial Age
36:40 Wagenburg Tactics
37:39 Elite Hussite Wagon
43:50 Ballistics
44:31 Chemistry
43:16 Arrowslits
43:54 Hussite Reforms
44:09 Conscription
43:32 Pikeman
44:13 Squires
43:59 Arson
44:34 Halberdier
46:27 Wheelbarrow
46:15 Padded Archer Armor
46:16 Scale Mail Armor
46:29 Forging
我在上厕所
0:29 Loom
13:53 Feudal Age
14:34 Horse Collar
14:42 Double-Bit Axe
21:30 Castle Age
21:25 Gold Mining
21:28 Stone Mining
33:14 Imperial Age
31:05 Bow Saw
30:58 Heavy Plow
32:20 Gold Shaft Mining
31:55 Scale Barding Armor
32:01 Forging
31:37 Treadmill Crane
32:08 Masonry
32:19 Ballistics
32:52 Husbandry
33:02 Bloodlines
34:37 Wheelbarrow
36:17 Two-Man Saw
36:12 Chain Barding Armor
36:31 Iron Casting
37:02 Hand Cart
38:02 Sipahi
38:17 Hoardings
39:07 Plate Barding Armor
40:00 Blast Furnace
39:34 Architecture
39:15 Fortified Wall
39:01 Murder Holes
40:10 Town Watch
40:31 Artillery
40:00 Heavy Scorpion
Infernes
0:32 Loom
14:00 Feudal Age
14:21 Double-Bit Axe
16:48 Horse Collar
21:41 Castle Age
20:01 Stone Mining
24:36 Gold Mining
29:43 Gold Shaft Mining
33:58 Imperial Age
32:11 Forging
32:02 Scale Mail Armor
32:07 Scale Barding Armor
33:38 Iron Casting
33:43 Wheelbarrow
32:53 Town Watch
33:28 Bow Saw
33:50 Heavy Plow
35:26 Chemistry
35:43 Caravan
37:56 Chain Mail Armor
38:25 Cavalier
40:20 Plate Mail Armor
40:11 Chain Barding Armor
39:57 Husbandry
40:07 Bloodlines
39:49 Arson
41:21 Blast Furnace
40:26 Pikeman
41:07 Squires
41:47 Murder Holes
42:13 Ballistics
42:26 Crop Rotation
43:03 Two-Man Saw
43:49 Savar
Asdizio
0:34 Loom
14:26 Feudal Age
15:54 Horse Collar
16:03 Double-Bit Axe
22:34 Castle Age
21:32 Stone Mining
21:34 Gold Mining
28:06 Gold Shaft Mining
28:08 Stone Shaft Mining
27:44 Bow Saw
30:02 Fortified Wall
31:23 Wheelbarrow
30:34 Town Watch
33:01 Caravan
33:28 Hand Cart
34:05 Grand Trunk Road
37:43 Imperial Age
36:28 Husbandry
36:39 Bloodlines
35:51 Light Cavalry
37:48 Heavy Camel Rider
39:55 Chemistry
39:16 Ballistics
39:48 Forging
39:55 Scale Barding Armor
39:52 Fletching
40:23 Thumb Ring
41:17 Heavy Plow
41:53 Shatagni
42:15 Conscription
41:58 Murder Holes
42:36 Onager
43:33 Bodkin Arrow
44:28 Iron Casting
47:04 Blast Furnace
46:26 Chain Barding Armor
46:07 Bracer
48:17 Plate Barding Armor
47:50 Siege Engineers
50:42 Two-Man Saw
kamikaze21_
3:11 Loom
11:24 Feudal Age
12:33 Wheelbarrow
11:44 Town Watch
17:39 Castle Age
17:43 Horse Collar
19:01 Fletching
19:11 Padded Archer Armor
20:47 Heavy Plow
21:15 Double-Bit Axe
22:34 Crossbowman
23:47 Bow Saw
23:32 Gold Mining
24:18 Stone Mining
26:02 Husbandry
28:01 Kamandaran
28:19 Bodkin Arrow
30:04 Thumb Ring
31:36 Leather Archer Armor
32:43 Hand Cart
33:25 Bloodlines
32:41 Pikeman
33:22 Squires
34:40 Gambesons
35:23 Scale Barding Armor
35:20 Scale Mail Armor
37:43 Forging
37:48 Chain Mail Armor
37:55 Chain Barding Armor
41:53 Imperial Age
41:12 Fervor
42:18 Gold Shaft Mining
41:31 Capped Ram
43:39 Cavalier
46:00 Crop Rotation
45:58 Conscription
46:54 Savar
Connection lost

Rejoining the realm…

Still unreachable

The connection could not be restored.

Session expired

The server has moved on; the page needs a fresh start.